Marlies vs Silver Tips

Created - Sunday, February 9, 2025 at 00:20

Goals
1 2 3 T
Marlies 0 1 0 1
Silver Tips 2 0 1 3
Shots
1 2 3 T
Marlies 10 8 9 27
Silver Tips 12 6 15 33

1st period

1. Silver Tips , Brock McGinn 10 (Erik Gustafsson 33, Dylan Holloway 21) at 10:19
2. Silver Tips , Nathan Todd 9 (Juuso Parssinen 15, Kailer Yamamoto 23) at 14:35

Penalties :
Michael Milne (TOR) for Hooking (Minor) at 3:46, Cedric Pare (TOR) for Tripping (Minor) at 15:49

2nd period

3. Marlies , Kyle Capobianco 12 (Taylor Fedun 9, Devin Shore 21) at 13:08 (PP)

Penalties :
Steven Kampfer (TOR) for Boarding (Minor) at 1:23, Michael Milne (TOR) for Hooking (Minor) at 4:00, David Jiricek (EVT) for Holding (Minor) at 8:09, Erik Gustafsson (EVT) for High sticking (Double Minor) at 12:20, Michael Milne (TOR) for Slashing (Minor) at 15:43, Layton Ahac (TOR) for Interference (Minor) at 18:07

3rd period

4. Silver Tips , Chase De Leo 14 (Raphael Lavoie 15) at 16:32

Penalties :
Steven Kampfer (TOR) for Holding (Minor) at 5:47, Dylan Holloway (EVT) for Cross-checking (Minor) at 6:24, Layton Ahac (TOR) for Tripping (Minor) at 8:40, Steven Kampfer (TOR) for Slashing (Minor) at 14:03, Austin Poganski (TOR) for High sticking (Minor) at 17:19, Taylor Fedun (TOR) for Tripping (Minor) at 17:58, Matthew Robertson (TOR) for Tripping (Minor) at 18:29

Goalie Stats

Jakub Dobes (TOR), 30 saves from 33 shots - (0.909), L, 13-18-2, 60:00 minutes
Joel Hofer (EVT), 26 saves from 27 shots - (0.963), W, 32-10-1, 60:00 minutes

Players Stats for Marlies

Player Name              G  A  P  +/- PIM S  H  SB GA TA FO     MP     PP MP  PK MP  
------------------------------------------------------------------------------------
Austin Poganski          0  0  0   0  2   0  1  0  0  0  1/3    10:03   2:32   0:00 
Brad Lambert             0  0  0   0  0   3  3  0  0  0  2/2    19:24   2:51   6:14 
Callan Foote             0  0  0   0  0   1  0  0  0  0  0/0    23:04   1:50   8:50 
Cedric Pare              0  0  0  -3  2   3  2  0  0  0  12/21  16:39   0:00   0:00 
Curtis Douglas           0  0  0   0  0   0  0  0  0  0  0/0     0:00   0:00   0:00 
Denis Gurianov           0  0  0  -2  0   3  0  0  0  0  0/0    14:53   2:32   0:33 
Devin Shore              0  1  1   0  0   3  0  0  0  0  8/20   18:05   2:32   7:04 
Jake Leschyshyn          0  0  0   0  0   0  0  0  0  0  0/0     0:00   0:00   0:00 
Joe Gambardella          0  0  0   0  0   4  2  2  0  0  1/2    21:16   2:51   9:25 
Kyle Capobianco          1  0  1  -2  0   3  2  0  0  0  0/0    23:16   1:57   7:57 
Layton Ahac              0  0  0   0  4   0  1  1  0  0  0/0    10:50   0:50   0:50 
Matthew Robertson        0  0  0  -2  2   0  1  1  0  0  0/0    24:28   2:23   8:43 
Michael Milne            0  0  0  -1  6   1  2  0  0  0  0/0    13:18   0:00   0:00 
Samu Tuomaala            0  0  0  -1  0   2  0  1  0  0  1/2    13:21   0:00   0:00 
Shane Wright             0  0  0   0  0   3  1  0  0  0  10/18  14:42   2:51   1:32 
Steven Kampfer           0  0  0  -1  6   0  0  1  0  0  0/0    16:38   0:46   3:04 
Taylor Fedun             0  1  1  -1  2   0  1  0  0  0  0/0    21:12   3:00   8:52 
Will Bitten              0  0  0  -2  0   1  0  0  0  0  16/22  16:09   0:00  11:31 

Players Stats for Silver Tips

Player Name              G  A  P  +/- PIM S  H  SB GA TA FO     MP     PP MP  PK MP  
------------------------------------------------------------------------------------
Adam Cracknell           0  0  0   0  0   0  1  0  0  0  1/2     9:50   1:37   1:17 
Brock McGinn             1  0  1   1  0   4  1  0  0  0  0/1    21:23   9:42   1:11 
Caleb Jones              0  0  0   0  0   1  0  0  0  0  0/0    23:09   8:34   2:20 
Chase De Leo             1  0  1   1  0   2  0  0  0  0  0/0    13:00   0:00   0:44 
David Jiricek            0  0  0   1  2   2  2  0  0  0  0/0    13:44   1:17   0:28 
Dylan Holloway           0  1  1   1  2   6  2  0  0  0  13/35  21:25   9:07   2:08 
Elmer Soderblom          0  0  0   1  0   1  2  0  0  0  0/1    20:12  10:02   0:00 
Erik Gustafsson          0  1  1   2  4   3  2  3  0  0  0/0    22:21   9:52   1:17 
Jeremy Davies            0  0  0   1  0   0  1  0  0  0  0/0    13:38   0:00   1:38 
Juuso Parssinen          0  1  1   1  0   0  0  0  0  0  8/22   18:41   9:07   3:03 
Kailer Yamamoto          0  1  1   1  0   1  3  0  0  0  0/2    21:35   8:24   1:11 
Marc Staal               0  0  0   2  0   1  2  1  0  0  0/0    23:14   9:18   2:43 
Nathan Todd              1  0  1   1  0   3  0  0  0  0  3/6    11:40   0:00   0:00 
Patrick Maroon           0  0  0   0  0   0  0  0  0  0  0/0     0:00   0:00   0:00 
Raphael Lavoie           0  1  1   1  0   2  1  0  0  0  13/20  14:50   0:20   1:12 
Rem Pitlick              0  0  0   0  0   0  0  0  0  0  0/0     0:00   0:00   0:00 
Samuel Fagemo            0  0  0   1  0   1  1  0  0  0  1/1    20:38   9:07   0:00 
Yegor Zamula             0  0  0   0  0   6  2  3  0  0  0/0    23:52   9:17   2:20 

3 Stars

1 - Joel Hofer (EVT)
2 - Brock McGinn (EVT)
3 - Nathan Todd (EVT)

Power Play

Marlies - 1 on 4 Attempt(s) - 25.00%
Silver Tips - 0 on 12 Attempt(s) - 0.00%

Penalty Kill

Marlies - 12 on 12 Attempt(s) - 100.00% - Score 0 goal in Penalty Kill
Silver Tips - 3 on 4 Attempt(s) - 75.00% - Score 0 goal in Penalty Kill

Team Stat

Marlies - Hits : 16 - Faceoff Wins : 51 - Blocked Shots : 6 - Penalty Minutes : 24
Silver Tips - Hits : 20 - Faceoff Wins : 39 - Blocked Shots : 7 - Penalty Minutes : 8

Official

Referees : Reid Anderson and Jon Mcisaac
Linesman : Bryan Pancich and Mitchell Hunt

Game Notes

No Game Note

Finance

Level 1 -- Attendance: 1789 (89.45%) -- Ticket Income $62,615
Level 2 -- Attendance: 1000 (100.00%) -- Ticket Income $15,000
Total Attendance: 2789 (92.97%)
Total Ticket Income: $77,615
Other Income: $38,031
Total Income: $115,646

Marlies

5 vs 5 Forward 
   Center                   Left Wing                Right Wing               Time % Phy DF OF 
 1 Shane Wright             Joe Gambardella          Brad Lambert             25     0   2  3  
 2 Devin Shore              Denis Gurianov           Austin Poganski          25     0   3  2  
 3 Cedric Pare              Michael Milne            Samu Tuomaala            25     0   3  2  
 4 Cedric Pare              Denis Gurianov           Will Bitten              25     0   3  2  

5 vs 5 Defense 
   Defense                  Defense                                           Time % Phy DF OF 
 1 Matthew Robertson        Kyle Capobianco                                   25     1   2  2  
 2 Callan Foote             Steven Kampfer                                    25     1   2  2  
 3 Taylor Fedun             Layton Ahac                                       25     1   2  2  
 4 Matthew Robertson        Kyle Capobianco                                   25     1   2  2  

PowerPlay Forward 
   Center                   Left Wing                Right Wing               Time % Phy DF OF 
 1 Shane Wright             Joe Gambardella          Brad Lambert             60     0   1  4  
 2 Devin Shore              Denis Gurianov           Austin Poganski          40     0   1  4  

PowerPlay Defense
   Defense                  Defense                                           Time % Phy DF OF 
 1 Matthew Robertson        Callan Foote                                      60     0   2  3  
 2 Taylor Fedun             Kyle Capobianco                                   40     0   2  3  

Penalty Kill 4 Players Forward 
   Center                   Wing                     Time % Phy DF OF 
 1 Will Bitten              Joe Gambardella          60     0   4  1  
 2 Devin Shore              Brad Lambert             40     0   4  1  

Penalty Kill 4 Players Defense
   Defense                  Defense                  Time % Phy DF OF 
 1 Matthew Robertson        Taylor Fedun             60     1   4  0  
 2 Callan Foote             Kyle Capobianco          40     1   4  0  

Penalty Kill - 3 Players Forward 
   Forward                                           Time % Phy DF OF 
 1 Will Bitten                                       60     0   5  0  
 2 Devin Shore                                       40     0   5  0  

Penalty Kill - 3 Players Defense
   Defense                  Defense                  Time % Phy DF OF 
 1 Taylor Fedun             Matthew Robertson        60     0   5  0  
 2 Callan Foote             Kyle Capobianco          40     0   5  0  

4 vs 4 Forward 
   Center                   Wing                     Time % Phy DF OF 
 1 Shane Wright             Brad Lambert             60     0   3  2  
 2 Devin Shore              Denis Gurianov           40     0   3  2  

4 vs 4 Defense
   Defense                  Defense                  Time % Phy DF OF 
 1 Callan Foote             Matthew Robertson        60     0   3  2  
 2 Kyle Capobianco          Steven Kampfer           40     0   3  2  

Last Minutes Offensive
   Center                   Left Wing                Right Wing               Defense                  Defense                  
   Shane Wright             Devin Shore              Brad Lambert             Matthew Robertson        Kyle Capobianco          

Last Minutes Defensive
   Center                   Left Wing                Right Wing               Defense                  Defense                  
   Shane Wright             Denis Gurianov           Devin Shore              Steven Kampfer           Kyle Capobianco          

Goaltenders
Starting : Jakub Dobes              
Backup : Jesper Vikman            

Extra Forwards
Normal : Devin Shore, Samu Tuomaala, Brad Lambert - PP : Devin Shore, Brad Lambert - PK : Shane Wright
Extra Defensemen
Normal : Matthew Robertson, Kyle Capobianco, Callan Foote - PP : Callan Foote - PK : Kyle Capobianco, Callan Foote
Penalty Shots
Shane Wright, Brad Lambert, Devin Shore, Will Bitten, Austin Poganski
Custom OT Lines Forwards
Devin Shore, Shane Wright, Brad Lambert, Austin Poganski, Denis Gurianov, Joe Gambardella, Samu Tuomaala, Michael Milne, Will Bitten, Cedric Pare
Custom OT Lines Defensemen
Matthew Robertson, Kyle Capobianco, Taylor Fedun, Callan Foote, Steven Kampfer

Scratches
Cameron Gaunce (Healthy), Nico Myatovic (Healthy), Raivis Ansons (Healthy), Christian Kyrou (Healthy), Isaac Ratcliffe (Healthy)
Ilya Nikolayev (Healthy), Filip Johansson (Healthy), Josh Wesley (Healthy), Olivier Rodrigue (Healthy)

Silver Tips

5 vs 5 Forward 
   Center                   Left Wing                Right Wing               Time % Phy DF OF 
 1 Juuso Parssinen          Nathan Todd              Kailer Yamamoto          25     1   2  2  
 2 Dylan Holloway           Elmer Soderblom          Brock McGinn             25     1   2  2  
 3 Raphael Lavoie           Chase De Leo             Samuel Fagemo            25     1   2  2  
 4 Nathan Todd              Kailer Yamamoto          Adam Cracknell           25     1   2  2  

5 vs 5 Defense 
   Defense                  Defense                                           Time % Phy DF OF 
 1 Erik Gustafsson          Marc Staal                                        25     1   2  2  
 2 Caleb Jones              Yegor Zamula                                      25     1   2  2  
 3 David Jiricek            Jeremy Davies                                     25     1   2  2  
 4 Erik Gustafsson          Marc Staal                                        25     1   2  2  

PowerPlay Forward 
   Center                   Left Wing                Right Wing               Time % Phy DF OF 
 1 Juuso Parssinen          Samuel Fagemo            Kailer Yamamoto          60     1   2  2  
 2 Dylan Holloway           Elmer Soderblom          Brock McGinn             40     1   2  2  

PowerPlay Defense
   Defense                  Defense                                           Time % Phy DF OF 
 1 Erik Gustafsson          Marc Staal                                        60     1   2  2  
 2 Caleb Jones              Yegor Zamula                                      40     1   2  2  

Penalty Kill 4 Players Forward 
   Center                   Wing                     Time % Phy DF OF 
 1 Dylan Holloway           Juuso Parssinen          60     1   2  2  
 2 Kailer Yamamoto          Brock McGinn             40     1   2  2  

Penalty Kill 4 Players Defense
   Defense                  Defense                  Time % Phy DF OF 
 1 Erik Gustafsson          Marc Staal               60     1   2  2  
 2 Caleb Jones              Yegor Zamula             40     1   2  2  

Penalty Kill - 3 Players Forward 
   Forward                                           Time % Phy DF OF 
 1 Kailer Yamamoto                                   60     1   2  2  
 2 Juuso Parssinen                                   40     1   2  2  

Penalty Kill - 3 Players Defense
   Defense                  Defense                  Time % Phy DF OF 
 1 Erik Gustafsson          Marc Staal               60     1   2  2  
 2 Caleb Jones              Yegor Zamula             40     1   2  2  

4 vs 4 Forward 
   Center                   Wing                     Time % Phy DF OF 
 1 Raphael Lavoie           Juuso Parssinen          60     1   2  2  
 2 Kailer Yamamoto          Brock McGinn             40     1   2  2  

4 vs 4 Defense
   Defense                  Defense                  Time % Phy DF OF 
 1 Erik Gustafsson          Marc Staal               60     1   2  2  
 2 Caleb Jones              Yegor Zamula             40     1   2  2  

Last Minutes Offensive
   Center                   Left Wing                Right Wing               Defense                  Defense                  
   Juuso Parssinen          Brock McGinn             Kailer Yamamoto          Erik Gustafsson          Marc Staal               

Last Minutes Defensive
   Center                   Left Wing                Right Wing               Defense                  Defense                  
   Juuso Parssinen          Brock McGinn             Kailer Yamamoto          Erik Gustafsson          Marc Staal               

Goaltenders
Starting : Joel Hofer               
Backup : Sebastian Cossa          

Extra Forwards
Normal : Juuso Parssinen, Samuel Fagemo, Raphael Lavoie - PP : Juuso Parssinen, Samuel Fagemo - PK : Raphael Lavoie
Extra Defensemen
Normal : David Jiricek, Jeremy Davies, Caleb Jones - PP : David Jiricek - PK : Jeremy Davies, Caleb Jones
Penalty Shots
Samuel Fagemo, Juuso Parssinen, Kailer Yamamoto, Brock McGinn, Dylan Holloway
Custom OT Lines Forwards
Adam Cracknell, Juuso Parssinen, Kailer Yamamoto, Brock McGinn, Dylan Holloway, Samuel Fagemo, Raphael Lavoie, Elmer Soderblom, Nathan Todd, Chase De Leo
Custom OT Lines Defensemen
Erik Gustafsson, Marc Staal, Caleb Jones, Yegor Zamula, David Jiricek

Scratches
Santtu Kinnunen (Healthy), Adam Ginning (Healthy), Henri Nikkanen (Healthy), William Trudeau (Healthy), Brendan Perlini (Healthy)
Tyce Thompson (Healthy), Mikael Pyyhtia (Healthy), Olle Lycksell (Healthy), Hayden Hodgson (Healthy), Adam Edstrom (Healthy)
Navrin Mutter (Healthy), Zack Ostapchuk (Healthy), Aku Raty (Healthy), Gustav Olofsson (Healthy), Alexander Kisakov (Healthy)
Maximus Wanner (Healthy), Andre Lee (Healthy), Carter Savoie (Healthy), Jeremy McKenna (Healthy), Nathan Gaucher (Healthy)
Ryan Hofer (Healthy), Blade Jenkins (Healthy), Riley Sawchuk (Healthy), Judd Caulfield (Healthy), Tarun Fizer (Healthy)
Jake Wise (Healthy), Mitch Reinke (Healthy), Rourke Chartier (Healthy), Mike O'Leary (Healthy), Joel Teasdale (Healthy)
Tate Singleton (Healthy), Joseph Cecconi (Healthy), Peter DiLiberatore (Healthy), Leevi Merilainen (Healthy), Vadim Zherenko (Healthy)
Remi Poirier (Healthy), Colten Ellis (Healthy), Dustin Wolf (Healthy)

% Time on Ice - Marlies

Lines # - Real PCT - Wanted PCT - Time Play
Normal Forward
1 - 26% - 25% - 9:00
2 - 22% - 25% - 7:32
3 - 39% - 25% - 13:21
4 - 12% - 25% - 4:13
Normal Defense
1 - 17% - 25% - 5:47
2 - 38% - 25% - 12:51
3 - 27% - 25% - 9:12
4 - 18% - 25% - 6:16
PP Forward
1 - 53% - 60% - 2:51
2 - 47% - 40% - 2:32
PP Defense
1 - 44% - 60% - 2:23
2 - 56% - 40% - 3:00
PK Forward
1 - 64% - 60% - 10:56
2 - 36% - 40% - 6:14
PK Defense
1 - 62% - 60% - 10:39
2 - 38% - 40% - 6:31
PK3 Forward
1 - 58% - 60% - 1:09
2 - 42% - 40% - 0:50
PK3 Defense
1 - 68% - 60% - 1:21
2 - 32% - 40% - 0:38
44 Forward
1 - 96% - 60% - 1:19
2 - 4% - 40% - 0:03
44 Defense
1 - 0% - 60% - 0:00
2 - 100% - 40% - 1:22
Last Minute Offensive  - 0:00
Last Minute Defensive  - 0:00
Total
Forward - 60:00
Defense - 60:00

% Time on Ice - Silver Tips

Lines # - Real PCT - Wanted PCT - Time Play
Normal Forward
1 - 16% - 25% - 5:29
2 - 30% - 25% - 10:10
3 - 36% - 25% - 12:16
4 - 18% - 25% - 6:11
Normal Defense
1 - 17% - 25% - 5:46
2 - 33% - 25% - 11:13
3 - 35% - 25% - 12:00
4 - 15% - 25% - 5:07
PP Forward
1 - 48% - 60% - 9:07
2 - 52% - 40% - 10:02
PP Defense
1 - 52% - 60% - 9:52
2 - 48% - 40% - 9:17
PK Forward
1 - 78% - 60% - 4:12
2 - 22% - 40% - 1:11
PK Defense
1 - 57% - 60% - 3:03
2 - 43% - 40% - 2:20
PK3 Forward
1 - 0% - 60%
2 - 0% - 40%
PK3 Defense
1 - 0% - 60%
2 - 0% - 40%
44 Forward
1 - 76% - 60% - 1:02
2 - 24% - 40% - 0:20
44 Defense
1 - 24% - 60% - 0:20
2 - 76% - 40% - 1:02
Last Minute Offensive  - 0:00
Last Minute Defensive  - 0:00
Total
Forward - 60:00
Defense - 60:00

Play-by-Play

1st period


0:01 of 1st period - Juuso Parssinen wins face-off versus Joe Gambardella in neutral zone.
0:03 of 1st period - Marc Staal is hit by Shane Wright and loses puck.
0:12 of 1st period - Shot by Nathan Todd.
0:12 of 1st period - Stopped by Jakub Dobes without a rebound.
0:13 of 1st period - Devin Shore wins face-off versus Brock McGinn in Marlies zone.
3:19 of 1st period - Shot by Denis Gurianov.
3:19 of 1st period - Shot Blocked by Yegor Zamula.
3:46 of 1st period - Minor Penalty to Michael Milne for Hooking.
3:47 of 1st period - Will Bitten wins face-off versus Juuso Parssinen in Marlies zone.
4:27 of 1st period - Denis Gurianov is hit by Dylan Holloway and loses puck.
4:46 of 1st period - Shot by Caleb Jones.
4:46 of 1st period - Stopped by Jakub Dobes without a rebound.
4:47 of 1st period - Will Bitten wins face-off versus Juuso Parssinen in Marlies zone.
5:07 of 1st period - Shot by Adam Cracknell.
5:07 of 1st period - Shot Blocked by Joe Gambardella.
5:09 of 1st period - Shot by Yegor Zamula.
5:09 of 1st period - Stopped by Jakub Dobes without a rebound.
5:10 of 1st period - Dylan Holloway wins face-off versus Devin Shore in Marlies zone.
5:30 of 1st period - Elmer Soderblom is hit by Brad Lambert and loses puck.
5:46 of 1st period - Icing by Brock McGinn.
5:47 of 1st period - Cedric Pare wins face-off versus Adam Cracknell in Silver Tips zone.
6:10 of 1st period - Shot by Michael Milne.
6:10 of 1st period - Stopped by Joel Hofer without a rebound.
6:11 of 1st period - Devin Shore wins face-off versus Raphael Lavoie in Silver Tips zone.
6:20 of 1st period - Shot by Denis Gurianov.
6:20 of 1st period - Stopped by Joel Hofer without a rebound.
6:21 of 1st period - Raphael Lavoie wins face-off versus Cedric Pare in Silver Tips zone.
6:40 of 1st period - Will Bitten is hit by Samuel Fagemo and loses puck.
6:55 of 1st period - Shot by Samuel Fagemo.
6:55 of 1st period - Shot Misses the Net.
7:14 of 1st period - Nathan Todd is hit by Matthew Robertson and loses puck.
7:25 of 1st period - Shot by Kailer Yamamoto.
7:25 of 1st period - Stopped by Jakub Dobes without a rebound.
7:26 of 1st period - Shane Wright wins face-off versus Elmer Soderblom in Marlies zone.
8:13 of 1st period - Icing by Devin Shore.
8:14 of 1st period - Juuso Parssinen wins face-off versus Devin Shore in Marlies zone.
8:18 of 1st period - Icing by Layton Ahac.
8:19 of 1st period - Nathan Todd wins face-off versus Devin Shore in Marlies zone.
8:30 of 1st period - Shot by Samu Tuomaala.
8:30 of 1st period - Shot Blocked by Yegor Zamula.
8:42 of 1st period - Shot by Samu Tuomaala.
8:42 of 1st period - Stopped by Joel Hofer with a rebound.
8:44 of 1st period - Shot by Devin Shore.
8:44 of 1st period - Shot Misses the Net.
9:43 of 1st period - Shot by Samuel Fagemo.
9:43 of 1st period - Shot Blocked by Joe Gambardella.
10:19 of 1st period - Shot by Brock McGinn.
10:19 of 1st period - Goal by Brock McGinn - Marlies : 0 - Silver Tips : 1.
10:20 of 1st period - Will Bitten wins face-off versus Dylan Holloway in neutral zone.
10:24 of 1st period - Denis Gurianov is hit by Marc Staal.
10:34 of 1st period - Shot by Erik Gustafsson.
10:34 of 1st period - Stopped by Jakub Dobes without a rebound.
10:35 of 1st period - Nathan Todd wins face-off versus Austin Poganski in Marlies zone.
10:40 of 1st period - Shot by Yegor Zamula.
10:40 of 1st period - Stopped by Jakub Dobes without a rebound.
10:41 of 1st period - Cedric Pare wins face-off versus Raphael Lavoie in Marlies zone.
10:54 of 1st period - Shot by Samuel Fagemo.
10:54 of 1st period - Shot Misses the Net.
11:22 of 1st period - Icing by Michael Milne.
11:23 of 1st period - Cedric Pare wins face-off versus Nathan Todd in Marlies zone.
11:58 of 1st period - Taylor Fedun is hit by Adam Cracknell and loses puck.
12:31 of 1st period - Shot by Brock McGinn.
12:31 of 1st period - Shot Blocked by Steven Kampfer.
12:33 of 1st period - Shot by Dylan Holloway.
12:33 of 1st period - Stopped by Jakub Dobes without a rebound.
12:34 of 1st period - Samuel Fagemo wins face-off versus Cedric Pare in Marlies zone.
12:45 of 1st period - Shot by Cedric Pare.
12:45 of 1st period - Stopped by Joel Hofer with a rebound.
12:47 of 1st period - Shot by Kyle Capobianco.
12:47 of 1st period - Stopped by Joel Hofer without a rebound.
12:48 of 1st period - Shane Wright wins face-off versus Juuso Parssinen in Silver Tips zone.
12:51 of 1st period - Shot by Joe Gambardella.
12:51 of 1st period - Stopped by Joel Hofer with a rebound.
12:53 of 1st period - Shot by Brad Lambert.
12:53 of 1st period - Stopped by Joel Hofer without a rebound.
12:54 of 1st period - Shane Wright wins face-off versus Dylan Holloway in Silver Tips zone.
12:57 of 1st period - Shot by Brad Lambert.
12:57 of 1st period - Shot Misses the Net.
12:59 of 1st period - Shot by Steven Kampfer.
12:59 of 1st period - Shot Misses the Net.
13:01 of 1st period - Shot by Callan Foote.
13:01 of 1st period - Shot Misses the Net.
13:03 of 1st period - Shot by Callan Foote.
13:03 of 1st period - Shot Misses the Net.
13:05 of 1st period - Shot by Steven Kampfer.
13:05 of 1st period - Shot Misses the Net.
13:07 of 1st period - Shot by Shane Wright.
13:07 of 1st period - Shot Blocked by Yegor Zamula.
13:09 of 1st period - Shot by Steven Kampfer.
13:09 of 1st period - Shot Hit the Post.
13:11 of 1st period - Shot by Shane Wright.
13:11 of 1st period - Shot Misses the Net.
13:52 of 1st period - Icing by Elmer Soderblom.
13:53 of 1st period - Cedric Pare wins face-off versus Dylan Holloway in Silver Tips zone.
13:58 of 1st period - Shot by Denis Gurianov.
13:58 of 1st period - Stopped by Joel Hofer with a rebound.
14:25 of 1st period - Shot by Kailer Yamamoto.
14:25 of 1st period - Shot Misses the Net.
14:27 of 1st period - Shot by Kailer Yamamoto.
14:27 of 1st period - Shot Misses the Net.
14:29 of 1st period - Shot by Nathan Todd.
14:29 of 1st period - Deflect By Juuso Parssinen.
14:29 of 1st period - Shot Misses the Net.
14:31 of 1st period - Shot by Nathan Todd.
14:31 of 1st period - Shot Misses the Net.
14:35 of 1st period - Shot by Nathan Todd.
14:35 of 1st period - Goal by Nathan Todd - Marlies : 0 - Silver Tips : 2.
14:36 of 1st period - Raphael Lavoie wins face-off versus Devin Shore in neutral zone.
14:51 of 1st period - Icing by David Jiricek.
14:52 of 1st period - Shane Wright wins face-off versus Raphael Lavoie in Silver Tips zone.
15:04 of 1st period - Shot by Shane Wright.
15:04 of 1st period - Stopped by Joel Hofer without a rebound.
15:05 of 1st period - Juuso Parssinen wins face-off versus Cedric Pare in Silver Tips zone.
15:05 of 1st period - Juuso Parssinen is hit by Michael Milne.
15:39 of 1st period - Kailer Yamamoto is hit by Layton Ahac and loses puck.
15:49 of 1st period - Minor Penalty to Cedric Pare for Tripping.
15:50 of 1st period - Will Bitten wins face-off versus Dylan Holloway in Marlies zone.
17:21 of 1st period - Shot by Raphael Lavoie.
17:21 of 1st period - Stopped by Jakub Dobes without a rebound.
17:22 of 1st period - Devin Shore wins face-off versus Juuso Parssinen in Marlies zone.
17:34 of 1st period - Shot by Erik Gustafsson.
17:34 of 1st period - Stopped by Jakub Dobes without a rebound.
17:35 of 1st period - Dylan Holloway wins face-off versus Shane Wright in Marlies zone.
17:35 of 1st period - Dylan Holloway is hit by Kyle Capobianco.
18:13 of 1st period - Shot by Samu Tuomaala.
18:13 of 1st period - Shot Misses the Net.
18:53 of 1st period - Michael Milne is hit by Kailer Yamamoto and loses puck.
19:02 of 1st period - Shot by Nathan Todd.
19:02 of 1st period - Stopped by Jakub Dobes without a rebound.
19:03 of 1st period - Dylan Holloway wins face-off versus Devin Shore in Marlies zone.
19:03 of 1st period - Dylan Holloway is hit by Kyle Capobianco.
19:05 of 1st period - Shot by Brock McGinn.
19:05 of 1st period - Shot Misses the Net.
19:31 of 1st period - Shot by Denis Gurianov.
19:31 of 1st period - Deflect By Devin Shore.
19:31 of 1st period - Stopped by Joel Hofer with a rebound.
19:54 of 1st period - Yegor Zamula is hit by Joe Gambardella and loses puck.
Goals for this period are 0 for Marlies vs 2 for Silver Tips.
Shots for this period are 10 for Marlies vs 12 for Silver Tips.

2nd period


0:01 of 2nd period - Cedric Pare wins face-off versus Nathan Todd in neutral zone.
1:23 of 2nd period - Minor Penalty to Steven Kampfer for Boarding.
1:24 of 2nd period - Dylan Holloway wins face-off versus Will Bitten in Marlies zone.
1:25 of 2nd period - Shot by Elmer Soderblom.
1:25 of 2nd period - Deflect By Dylan Holloway.
1:25 of 2nd period - Stopped by Jakub Dobes without a rebound.
1:26 of 2nd period - Will Bitten wins face-off versus Dylan Holloway in Marlies zone.
1:26 of 2nd period - Will Bitten is hit by Elmer Soderblom.
1:33 of 2nd period - Icing by Yegor Zamula.
1:34 of 2nd period - Will Bitten wins face-off versus Dylan Holloway in Silver Tips zone.
1:49 of 2nd period - Shot by Joe Gambardella.
1:49 of 2nd period - Stopped by Joel Hofer without a rebound.
1:50 of 2nd period - Devin Shore wins face-off versus Juuso Parssinen in Silver Tips zone.
2:37 of 2nd period - Icing by Caleb Jones.
2:38 of 2nd period - Dylan Holloway wins face-off versus Devin Shore in Silver Tips zone.
2:38 of 2nd period - Dylan Holloway is hit by Brad Lambert.
3:25 of 2nd period - Icing by Juuso Parssinen.
3:26 of 2nd period - Cedric Pare wins face-off versus Raphael Lavoie in Silver Tips zone.
3:31 of 2nd period - Shot by Samu Tuomaala.
3:31 of 2nd period - Stopped by Joel Hofer with a rebound.
3:36 of 2nd period - Off-side.
3:37 of 2nd period - Cedric Pare wins face-off versus Juuso Parssinen in neutral zone.
3:50 of 2nd period - Shot by Cedric Pare.
3:50 of 2nd period - Stopped by Joel Hofer without a rebound.
3:51 of 2nd period - Raphael Lavoie wins face-off versus Cedric Pare in Silver Tips zone.
3:51 of 2nd period - David Jiricek is hit by Cedric Pare and loses puck.
4:00 of 2nd period - Minor Penalty to Michael Milne for Hooking.
4:01 of 2nd period - Will Bitten wins face-off versus Juuso Parssinen in Marlies zone.
5:05 of 2nd period - Shot by Caleb Jones.
5:05 of 2nd period - Shot Misses the Net.
5:07 of 2nd period - Shot by Brock McGinn.
5:07 of 2nd period - Deflect By Dylan Holloway.
5:07 of 2nd period - Shot Hit the Post.
7:01 of 2nd period - Icing by Steven Kampfer.
7:02 of 2nd period - Dylan Holloway wins face-off versus Samu Tuomaala in Marlies zone.
8:09 of 2nd period - Minor Penalty to David Jiricek for Holding.
8:10 of 2nd period - Shane Wright wins face-off versus Dylan Holloway in Silver Tips zone.
9:01 of 2nd period - Shot by Austin Poganski.
9:01 of 2nd period - Deflect By Denis Gurianov.
9:01 of 2nd period - Shot Misses the Net.
9:03 of 2nd period - Shot by Devin Shore.
9:03 of 2nd period - Shot Misses the Net.
9:05 of 2nd period - Shot by Matthew Robertson.
9:05 of 2nd period - Shot Blocked by Erik Gustafsson.
9:07 of 2nd period - Shot by Denis Gurianov.
9:07 of 2nd period - Shot Misses the Net.
9:25 of 2nd period - Icing by Taylor Fedun.
9:26 of 2nd period - Brad Lambert wins face-off versus Kailer Yamamoto in Marlies zone.
9:43 of 2nd period - Icing by Taylor Fedun.
9:44 of 2nd period - Joe Gambardella wins face-off versus Dylan Holloway in Marlies zone.
9:56 of 2nd period - Icing by Brad Lambert.
9:57 of 2nd period - Shane Wright wins face-off versus Dylan Holloway in Marlies zone.
10:17 of 2nd period - Cedric Pare is hit by Kailer Yamamoto and loses puck.
10:22 of 2nd period - Shot by David Jiricek.
10:22 of 2nd period - Stopped by Jakub Dobes with a rebound.
10:24 of 2nd period - Shot by Adam Cracknell.
10:24 of 2nd period - Shot Blocked by Matthew Robertson.
11:36 of 2nd period - Icing by Caleb Jones.
11:37 of 2nd period - Raphael Lavoie wins face-off versus Cedric Pare in Silver Tips zone.
11:37 of 2nd period - Raphael Lavoie is hit by Michael Milne.
11:42 of 2nd period - Samuel Fagemo is hit by Cedric Pare and loses puck.
11:52 of 2nd period - Icing by Yegor Zamula.
11:53 of 2nd period - Raphael Lavoie wins face-off versus Shane Wright in Silver Tips zone.
12:00 of 2nd period - Shot by Shane Wright.
12:00 of 2nd period - Stopped by Joel Hofer without a rebound.
12:01 of 2nd period - Dylan Holloway wins face-off versus Shane Wright in Silver Tips zone.
12:20 of 2nd period - Double Minor Penalty to Erik Gustafsson for High sticking.
12:21 of 2nd period - Devin Shore wins face-off versus Dylan Holloway in Silver Tips zone.
12:24 of 2nd period - Shot by Denis Gurianov.
12:24 of 2nd period - Shot Blocked by Marc Staal.
12:26 of 2nd period - Shot by Taylor Fedun.
12:26 of 2nd period - Shot Misses the Net.
12:28 of 2nd period - Shot by Kyle Capobianco.
12:28 of 2nd period - Stopped by Joel Hofer without a rebound.
12:29 of 2nd period - Dylan Holloway wins face-off versus Shane Wright in Silver Tips zone.
12:54 of 2nd period - Shot by Joe Gambardella.
12:54 of 2nd period - Stopped by Joel Hofer without a rebound.
12:55 of 2nd period - Devin Shore wins face-off versus Dylan Holloway in Silver Tips zone.
12:55 of 2nd period - Denis Gurianov is hit by Yegor Zamula and loses puck.
13:00 of 2nd period - Shot by Devin Shore.
13:00 of 2nd period - Shot Misses the Net.
13:02 of 2nd period - Shot by Taylor Fedun.
13:02 of 2nd period - Shot Misses the Net.
13:04 of 2nd period - Shot by Taylor Fedun.
13:04 of 2nd period - Shot Misses the Net.
13:06 of 2nd period - Shot by Kyle Capobianco.
13:06 of 2nd period - Shot Misses the Net.
13:08 of 2nd period - Shot by Kyle Capobianco.
13:08 of 2nd period - Goal by Kyle Capobianco - Marlies : 1 - Silver Tips : 2.
13:09 of 2nd period - Devin Shore wins face-off versus Kailer Yamamoto in neutral zone.
13:18 of 2nd period - Shot by Denis Gurianov.
13:18 of 2nd period - Shot Misses the Net.
14:06 of 2nd period - Kyle Capobianco is hit by Marc Staal and loses puck.
14:45 of 2nd period - Shot by Denis Gurianov.
14:45 of 2nd period - Shot Misses the Net.
14:47 of 2nd period - Shot by Denis Gurianov.
14:47 of 2nd period - Stopped by Joel Hofer without a rebound.
14:48 of 2nd period - Raphael Lavoie wins face-off versus Shane Wright in Silver Tips zone.
15:35 of 2nd period - Shot by Samu Tuomaala.
15:35 of 2nd period - Shot Blocked by Erik Gustafsson.
15:43 of 2nd period - Minor Penalty to Michael Milne for Slashing.
15:44 of 2nd period - Dylan Holloway wins face-off versus Will Bitten in Marlies zone.
17:45 of 2nd period - Shot by Juuso Parssinen.
17:45 of 2nd period - Shot Misses the Net.
17:48 of 2nd period - Icing by Will Bitten.
17:49 of 2nd period - Raphael Lavoie wins face-off versus Cedric Pare in Marlies zone.
17:58 of 2nd period - Shot by Chase De Leo.
17:58 of 2nd period - Stopped by Jakub Dobes with a rebound.
18:00 of 2nd period - Shot by Jeremy Davies.
18:00 of 2nd period - Shot Blocked by Samu Tuomaala.
18:02 of 2nd period - Shot by Jeremy Davies.
18:02 of 2nd period - Shot Blocked by Layton Ahac.
18:07 of 2nd period - Minor Penalty to Layton Ahac for Interference.
18:08 of 2nd period - Shane Wright wins face-off versus Juuso Parssinen in Marlies zone.
18:25 of 2nd period - Shot by Erik Gustafsson.
18:25 of 2nd period - Shot Misses the Net.
18:32 of 2nd period - Icing by Marc Staal.
18:33 of 2nd period - Juuso Parssinen wins face-off versus Devin Shore in Silver Tips zone.
19:03 of 2nd period - Off-side.
19:04 of 2nd period - Will Bitten wins face-off versus Dylan Holloway in neutral zone.
19:13 of 2nd period - Shot by Brock McGinn.
19:13 of 2nd period - Stopped by Jakub Dobes without a rebound.
19:14 of 2nd period - Will Bitten wins face-off versus Dylan Holloway in Marlies zone.
19:14 of 2nd period - Will Bitten is hit by Elmer Soderblom.
19:34 of 2nd period - Shot by Brock McGinn.
19:34 of 2nd period - Stopped by Jakub Dobes with a rebound.
19:36 of 2nd period - Shot by Marc Staal.
19:36 of 2nd period - Deflect By Dylan Holloway.
19:36 of 2nd period - Stopped by Jakub Dobes without a rebound.
19:37 of 2nd period - Will Bitten wins face-off versus Juuso Parssinen in Marlies zone.
Goals for this period are 1 for Marlies vs 0 for Silver Tips.
Shots for this period are 8 for Marlies vs 6 for Silver Tips.

3rd period


0:01 of 3rd period - Will Bitten wins face-off versus Juuso Parssinen in neutral zone.
0:26 of 3rd period - Kyle Capobianco is hit by Brock McGinn and loses puck.
1:43 of 3rd period - Marc Staal is hit by Brad Lambert and loses puck.
2:10 of 3rd period - Shot by Raphael Lavoie.
2:10 of 3rd period - Stopped by Jakub Dobes without a rebound.
2:11 of 3rd period - Raphael Lavoie wins face-off versus Devin Shore in Marlies zone.
2:21 of 3rd period - Devin Shore is hit by David Jiricek.
2:40 of 3rd period - Shot by Devin Shore.
2:40 of 3rd period - Stopped by Joel Hofer without a rebound.
2:41 of 3rd period - Cedric Pare wins face-off versus Dylan Holloway in Silver Tips zone.
2:45 of 3rd period - Icing by Elmer Soderblom.
2:46 of 3rd period - Cedric Pare wins face-off versus Dylan Holloway in Silver Tips zone.
2:46 of 3rd period - Cedric Pare is hit by Yegor Zamula.
3:51 of 3rd period - Austin Poganski is hit by Erik Gustafsson and loses puck.
4:47 of 3rd period - Shane Wright is hit by Jeremy Davies and loses puck.
4:56 of 3rd period - Shot by David Jiricek.
4:56 of 3rd period - Stopped by Jakub Dobes without a rebound.
4:57 of 3rd period - Cedric Pare wins face-off versus Dylan Holloway in Marlies zone.
5:40 of 3rd period - Icing by Steven Kampfer.
5:41 of 3rd period - Juuso Parssinen wins face-off versus Cedric Pare in Marlies zone.
5:47 of 3rd period - Minor Penalty to Steven Kampfer for Holding.
5:48 of 3rd period - Juuso Parssinen wins face-off versus Will Bitten in Marlies zone.
6:24 of 3rd period - Minor Penalty to Dylan Holloway for Cross-checking.
6:25 of 3rd period - Shane Wright wins face-off versus Raphael Lavoie in Silver Tips zone.
6:30 of 3rd period - Shot by Shane Wright.
6:30 of 3rd period - Stopped by Joel Hofer without a rebound.
6:31 of 3rd period - Raphael Lavoie wins face-off versus Shane Wright in Silver Tips zone.
6:35 of 3rd period - Icing by Juuso Parssinen.
6:36 of 3rd period - Raphael Lavoie wins face-off versus Shane Wright in Silver Tips zone.
6:59 of 3rd period - Shot by Brad Lambert.
6:59 of 3rd period - Shot Misses the Net.
7:16 of 3rd period - Icing by Yegor Zamula.
7:17 of 3rd period - Raphael Lavoie wins face-off versus Shane Wright in Silver Tips zone.
7:36 of 3rd period - Shot by Brad Lambert.
7:36 of 3rd period - Stopped by Joel Hofer with a rebound.
7:58 of 3rd period - Shot by Denis Gurianov.
7:58 of 3rd period - Shot Misses the Net.
8:00 of 3rd period - Shot by Devin Shore.
8:00 of 3rd period - Shot Blocked by Erik Gustafsson.
8:02 of 3rd period - Shot by Callan Foote.
8:02 of 3rd period - Shot Misses the Net.
8:08 of 3rd period - Shot by Austin Poganski.
8:08 of 3rd period - Shot Misses the Net.
8:10 of 3rd period - Shot by Devin Shore.
8:10 of 3rd period - Stopped by Joel Hofer without a rebound.
8:11 of 3rd period - Austin Poganski wins face-off versus Raphael Lavoie in Silver Tips zone.
8:27 of 3rd period - Brock McGinn is hit by Taylor Fedun and loses puck.
8:39 of 3rd period - Icing by Layton Ahac.
8:40 of 3rd period - Nathan Todd wins face-off versus Cedric Pare in Marlies zone.
8:40 of 3rd period - Minor Penalty to Layton Ahac for Tripping.
8:41 of 3rd period - Will Bitten wins face-off versus Dylan Holloway in Marlies zone.
8:58 of 3rd period - Shot by Erik Gustafsson.
8:58 of 3rd period - Stopped by Jakub Dobes with a rebound.
9:13 of 3rd period - Shot by Erik Gustafsson.
9:13 of 3rd period - Shot Hit the Post.
9:33 of 3rd period - Icing by Juuso Parssinen.
9:34 of 3rd period - Juuso Parssinen wins face-off versus Will Bitten in Silver Tips zone.
9:34 of 3rd period - Juuso Parssinen is hit by Joe Gambardella.
10:01 of 3rd period - Shot by Yegor Zamula.
10:01 of 3rd period - Stopped by Jakub Dobes without a rebound.
10:02 of 3rd period - Devin Shore wins face-off versus Dylan Holloway in Marlies zone.
10:17 of 3rd period - Shot by Marc Staal.
10:17 of 3rd period - Shot Misses the Net.
10:42 of 3rd period - Icing by Samuel Fagemo.
10:43 of 3rd period - Samu Tuomaala wins face-off versus Raphael Lavoie in Silver Tips zone.
10:47 of 3rd period - Cedric Pare is hit by David Jiricek and loses puck.
10:58 of 3rd period - Shot by Cedric Pare.
10:58 of 3rd period - Stopped by Joel Hofer without a rebound.
10:59 of 3rd period - Cedric Pare wins face-off versus Nathan Todd in Silver Tips zone.
11:04 of 3rd period - Shot by Denis Gurianov.
11:04 of 3rd period - Shot Hit the Post.
11:22 of 3rd period - Will Bitten is hit by Kailer Yamamoto and loses puck.
11:58 of 3rd period - Shot by Brad Lambert.
11:58 of 3rd period - Shot Misses the Net.
12:04 of 3rd period - Shot by Brad Lambert.
12:04 of 3rd period - Stopped by Joel Hofer without a rebound.
12:05 of 3rd period - Dylan Holloway wins face-off versus Devin Shore in Silver Tips zone.
12:28 of 3rd period - Shot by Brock McGinn.
12:28 of 3rd period - Stopped by Jakub Dobes without a rebound.
12:29 of 3rd period - Raphael Lavoie wins face-off versus Cedric Pare in Marlies zone.
12:41 of 3rd period - Michael Milne is hit by Raphael Lavoie and loses puck.
13:36 of 3rd period - Icing by Elmer Soderblom.
13:37 of 3rd period - Dylan Holloway wins face-off versus Devin Shore in Silver Tips zone.
13:44 of 3rd period - Shot by Dylan Holloway.
13:44 of 3rd period - Shot Misses the Net.
13:46 of 3rd period - Shot by Brock McGinn.
13:46 of 3rd period - Deflect By Dylan Holloway.
13:46 of 3rd period - Stopped by Jakub Dobes without a rebound.
13:47 of 3rd period - Shane Wright wins face-off versus Juuso Parssinen in Marlies zone.
14:03 of 3rd period - Minor Penalty to Steven Kampfer for Slashing.
14:04 of 3rd period - Will Bitten wins face-off versus Dylan Holloway in Marlies zone.
14:19 of 3rd period - Shot by Marc Staal.
14:19 of 3rd period - Stopped by Jakub Dobes without a rebound.
14:20 of 3rd period - Will Bitten wins face-off versus Juuso Parssinen in Marlies zone.
14:44 of 3rd period - Shot by Yegor Zamula.
14:44 of 3rd period - Stopped by Jakub Dobes with a rebound.
14:46 of 3rd period - Shot by Samuel Fagemo.
14:46 of 3rd period - Stopped by Jakub Dobes with a rebound.
15:14 of 3rd period - Shot by Dylan Holloway.
15:14 of 3rd period - Stopped by Jakub Dobes without a rebound.
15:15 of 3rd period - Brad Lambert wins face-off versus Dylan Holloway in Marlies zone.
15:15 of 3rd period - Kyle Capobianco is hit by Dylan Holloway and loses puck.
16:32 of 3rd period - Shot by Chase De Leo.
16:32 of 3rd period - Goal by Chase De Leo - Marlies : 1 - Silver Tips : 3.
16:33 of 3rd period - Adam Cracknell wins face-off versus Austin Poganski in neutral zone.
16:38 of 3rd period - Shot by Callan Foote.
16:38 of 3rd period - Stopped by Joel Hofer without a rebound.
16:39 of 3rd period - Shane Wright wins face-off versus Juuso Parssinen in Silver Tips zone.
16:39 of 3rd period - Brad Lambert is hit by Erik Gustafsson and loses puck.
17:04 of 3rd period - Shot by Joe Gambardella.
17:04 of 3rd period - Stopped by Joel Hofer without a rebound.
17:05 of 3rd period - Cedric Pare wins face-off versus Dylan Holloway in Silver Tips zone.
17:14 of 3rd period - Shot by Denis Gurianov.
17:14 of 3rd period - Deflect By Will Bitten.
17:14 of 3rd period - Stopped by Joel Hofer without a rebound.
17:15 of 3rd period - Raphael Lavoie wins face-off versus Devin Shore in Silver Tips zone.
17:15 of 3rd period - Chase De Leo is hit by Austin Poganski and loses puck.
17:19 of 3rd period - Minor Penalty to Austin Poganski for High sticking.
17:20 of 3rd period - Will Bitten wins face-off versus Dylan Holloway in Marlies zone.
17:50 of 3rd period - Shot by Dylan Holloway.
17:50 of 3rd period - Stopped by Jakub Dobes without a rebound.
17:51 of 3rd period - Juuso Parssinen wins face-off versus Devin Shore in Marlies zone.
17:58 of 3rd period - Shot by Yegor Zamula.
17:58 of 3rd period - Stopped by Jakub Dobes without a rebound.
17:58 of 3rd period - Minor Penalty to Taylor Fedun for Tripping.
17:59 of 3rd period - Will Bitten wins face-off versus Juuso Parssinen in Marlies zone.
18:29 of 3rd period - Minor Penalty to Matthew Robertson for Tripping.
18:30 of 3rd period - Dylan Holloway wins face-off versus Will Bitten in Marlies zone.
18:31 of 3rd period - Shot by Brock McGinn.
18:31 of 3rd period - Deflect By Elmer Soderblom.
18:31 of 3rd period - Stopped by Jakub Dobes without a rebound.
18:32 of 3rd period - Dylan Holloway wins face-off versus Will Bitten in Marlies zone.
19:50 of 3rd period - Shot by Yegor Zamula.
19:50 of 3rd period - Stopped by Jakub Dobes with a rebound.
19:52 of 3rd period - Shot by Yegor Zamula.
19:52 of 3rd period - Shot Misses the Net.
Goals for this period are 0 for Marlies vs 1 for Silver Tips.
Shots for this period are 9 for Marlies vs 15 for Silver Tips.